 Dungeon Crawl Stone Soup version 0.19.1 (console) character file.

11892 CALLOUS the Eclecticist (level 11, -9/69 HPs)
             Began as a Deep Elf Necromancer on Dec 5, 2016.
             Was a Priest of Vehumet.
             Mangled by a spiny frog (17 damage)
             ... on level 1 of the Lair of Beasts on Dec 12, 2016.
             The game lasted 13:09:36 (16773 turns).

CALLOUS the Eclecticist (Deep Elf Necromancer)     Turns: 16773, Time: 13:09:36

Health: -9/69      AC:  8    Str:  2    XL:     11   Next: 55%
Magic:  19/32      EV: 17    Int: 23    God:    Vehumet [***...]
Gold:   39         SH:  0    Dex: 15    Spells: 11 memorised, 16 levels left

rFire  . . .     SeeInvis .     (no weapon)
rCold  + + +     Gourm    .     T - +1 robe
rNeg   + . .     Faith    .     (no shield)
rPois  +         Spirit   .     (helmet restricted)
rElec  +         Reflect  .     x - +0 cloak
rCorr  .         Harm     .     q - +2 pair of gloves of Ommiohoast {rElec rC+++ rN+ Str-4}
MR     +....                    R - +0 pair of boots
Stlth  +++.......               G - amulet of Vitality {Regen+ HP+15}
                                (no ring)
                                W - ring of poison resistance

@: confusing touch (expiring)
A: antennae 1, blink, mutation resistance 1, screaming 1
a: Blink, Renounce Religion


You were on level 1 of the Lair of Beasts.
You worshipped Vehumet.
Vehumet was most pleased with you.
You were hungry.

You visited 3 branches of the dungeon, and saw 13 of its levels.
You also visited: Bailey.

You collected 691 gold pieces.
You spent 652 gold pieces at shops.

Inventory:

Hand Weapons
 a - a +0 short sword
 e - a +0 shortbow
 A - a -2 spear
 E - the +8 whip "Snakebite" {curare, rPois}
   (You found it on level 2 of the Lair of Beasts)

   It poisons the flesh of those it strikes.
   It protects you from poison.
 Y - a +1 whip of pain
 Z - a +0 blowgun
Missiles
 g - 22 poisoned needles
 i - 8 curare-tipped needles
 k - 2 tomahawks (quivered)
 s - 229 stones
 v - 7 needles of sleeping
 F - 4 javelins
 N - 4 throwing nets
 O - 65 arrows
 X - 41 tomahawks of returning
Armour
 q - the +2 pair of gloves of Ommiohoast (worn) {rElec rC+++ rN+ Str-4}
   (You bought it in a shop on level 6 of the Dungeon)

   It affects your strength (-4).
   It renders you almost immune to cold.
   It insulates you from electricity.
   It protects you from negative energy.
 x - a +0 cloak (worn)
 R - a +0 pair of boots (worn)
 T - a +1 robe (worn)
Magical Staves
 b - an uncursed staff of death
Jewellery
 y - an uncursed ring of fire
 G - the amulet of Vitality (around neck) {Regen+ HP+15}
   (You found it on level 4 of the Dungeon)

   [amulet of regeneration]

   It affects your health (+15).
   It increases your rate of regeneration.
 W - a ring of poison resistance (left hand)
Wands
 o - a wand of flame (39/48)
 H - a wand of lightning (6/15)
 I - a wand of iceblast (10/15)
 Q - a wand of confusion (18/48)
 S - a wand of disintegration (20/24)
 V - a wand of digging (15/24)
Scrolls
 l - 4 scrolls of immolation
 m - a scroll of blinking
 u - 2 scrolls of magic mapping {unknown}
 B - 2 scrolls of identify
 D - 5 scrolls of teleportation
 J - a scroll of holy word {unknown}
 P - a scroll of fear
Potions
 n - 3 potions of flight
 r - a potion of haste
 t - 7 potions of curing
 w - 2 potions of might
 L - a potion of cancellation
 M - 2 potions of lignification
 U - 5 potions of resistance
Comestibles
 c - 8 bread rations
 f - 2 slices of pizza
 h - 8 meat rations
 C - a beef jerky


   Skills:
 + Level 0.2 Bows
 * Level 7.7 Dodging
 + Level 4.2 Stealth
 * Level 15.0 Spellcasting
 * Level 6.5 Hexes
 * Level 6.7 Charms
 * Level 12.7 Necromancy
 + Level 1.3 Translocations


You had 16 spell levels left.
You knew the following spells:

 Your Spells              Type           Power        Failure   Level  Hunger
a - Pain                  Necr           ####         0%          1    None
b - Animate Skeleton      Necr           N/A          0%          1    None
c - Sandblast             Erth           ###...       1%          1    None
d - Vampiric Draining     Necr           ######....   1%          3    None
e - Control Undead        Necr           ######....   1%          4    None
f - Confusing Touch       Hex            #####.       1%          1    None
g - Animate Dead          Necr           N/A          1%          4    None
h - Shroud of Golubria    Chrm/Tloc      #####.....   1%          2    None
i - Spectral Weapon       Hex/Chrm       #####...     1%          3    None
j - Sting                 Conj/Pois      ###.         1%          1    None
k - Static Discharge      Conj/Air       ###.....     3%          3    None


Dungeon Overview and Level Annotations

Branches:
Dungeon (9/15)             Temple (1/1) D:7            Lair (3/6) D:9
  Swamp: Lair:2-4    Shoals: Lair:2-4     Snake: Lair:2-4    Spider: Lair:2-4
    Orc: D:9-12

Altars:
Ashenzari
Cheibriados
Dithmenos
Elyvilon
Fedhas
Gozag
Hepliaklqana
Kikubaaqudgha
Makhleb
Nemelex Xobeh
Okawaru
Qazlal
Ru
Sif Muna
Trog
Uskayaw
Vehumet
Xom
Yredelemnul
Zin
The Shining One

Shops:
D:6 =[

Portals:
Labyrinth: Lair:3

Annotations:
D:2 Sigmund
D:7 1 exclusion
D:9 1 exclusion
Lair:1 1 exclusion
Lair:2 1 exclusion


Innate Abilities, Weirdness & Mutations

You have a pair of small antennae on your head.
You can translocate small distances at will.
You are somewhat resistant to further mutation.
You occasionally shout uncontrollably at your foes.


Message History

The spiny frog is moderately wounded.
You feel life coursing into your body. The spiny frog misses you.
The yak gores you.
* * * LOW HITPOINT WARNING * * *
Casting: Vampiric Draining
Confirm with . or Enter, or press ? or * to list all spells.
Aiming: Vampiric Draining
Press: ? - help, Shift-Dir - straight line, f/p - spiny frog
Aim: a spiny frog (moderately wounded)
The spiny frog is heavily wounded.
You feel life coursing into your body. The spiny frog stings you.
* * * LOW HITPOINT WARNING * * *
The yak completely misses you.
Casting: Vampiric Draining
Confirm with . or Enter, or press ? or * to list all spells.
Aiming: Vampiric Draining
Press: ? - help, Shift-Dir - straight line, f/p - spiny frog
Aim: a spiny frog (heavily wounded)
The spiny frog is severely wounded.
You feel life coursing into your body. The spiny frog stings you!
You die...

##........#####.....## #
###.......##......P# ♣
#...>...##......##
##....^.......###
#...........## ##..........#
# ##.........# #
###.........##### #
#.............#P# ### ##
###.....Y........###.# ##.
#P.>....F@...........###.#
##.....#.#.................
##.....#.###................
###.....####
###.............. #......##
###............ ##.....##
##........... ##.....##
###P##...... ##......#
#####P#.## #.....### #####
.....## ....##


You could see a yak and a spiny frog.

Vanquished Creatures
  An orc warlord (Bailey)
  An orc knight (Bailey)
  Maurice (D:9)
  A black mamba (Lair:2)
  An elephant (Lair:2)
  2 spiny frogs
  3 komodo dragons
  A merfolk (D:9)
  3 hippogriffs
  Prince Ribbit (D:8)
  A spriggan (Lair:2)
  3 yaks
  2 wargs (D:9)
  A steam dragon (D:9)
  13 water moccasins
  2 porcupines
  A black bear (D:9)
  2 orc warriors
  2 ice beasts
  A sky beast (D:6)
  A necrophage (D:9)
  5 ogres
  2 wolves
  4 centaurs (Lair:1)
  4 crocodiles
  Blork the orc (D:4)
  A big kobold (D:6)
  3 bullfrogs
  A gnoll sergeant (D:7)
  5 killer bees (D:8)
  A jelly (D:6)
  A hound (D:5)
  4 orc priests
  2 bullfrog zombies
  3 iguanas
  5 worker ants
  Ijyb (D:2)
  4 orc wizards
  A killer bee zombie (D:5)
  A hound skeleton (D:7)
  9 gnolls
  14 adders
  A shadow imp (D:7)
  An ooze (D:3)
  An adder zombie (D:8)
  A worm (D:2)
  2 dart slugs
  3 leopard geckos
  16 orcs
  7 bats
  7 giant cockroaches
  7 hobgoblins
  6 jackals
  21 kobolds
  A quokka (D:7)
  3 ball pythons
  2 frilled lizards
  10 goblins
  7 rats
212 creatures vanquished.

Vanquished Creatures (collateral kills)
  2 black mambas (Lair:2)
  A komodo dragon (Lair:2)
  A polar bear (Lair:2)
  2 yaks
  A porcupine (Lair:1)
  4 water moccasins
  A sky beast (D:9)
  2 wolves (Lair:1)
  3 crocodiles
  3 bullfrogs
  A scorpion (D:9)
  A killer bee (D:8)
  2 howler monkeys (D:8)
  A crimson imp (D:9)
  A quasit (D:7)
  A hound (D:8)
  An orc wizard (D:8)
  An orc priest (D:5)
  A worker ant (D:6)
  An adder (D:2)
  5 gnolls
  An ooze (D:4)
  An adder skeleton (D:8)
  2 leopard geckos
  7 orcs
  3 giant cockroaches
  4 goblins
  3 hobgoblins
  6 jackals
  4 kobolds
  A quokka (D:7)
  A bat (D:3)
  3 frilled lizards
  3 rats
  A fungus (Lair:2)
76 creatures vanquished.

Vanquished Creatures (others)
  A fungus (Lair:2)
  A plant (D:9)
2 creatures vanquished.

Grand Total: 290 creatures vanquished

Notes
Turn   | Place    | Note
-------+----------+-------------------------------------------
     0 | D:1      | CALLOUS the Deep Elf Necromancer began the quest for the Orb.
     0 | D:1      | Reached XP level 1. HP: 10/10 MP: 6/6
    29 | D:1      | Learned a level 1 spell: Animate Skeleton
   251 | D:1      | Reached skill level 5 in Necromancy
   633 | D:1      | Reached XP level 2. HP: 15/15 MP: 6/8
  1728 | D:2      | Reached XP level 3. HP: 19/19 MP: 8/10
  1733 | D:2      | Learned a level 3 spell: Regeneration
  1737 | D:2      | Learned a level 3 spell: Vampiric Draining
  2274 | D:2      | Noticed Sigmund
  2871 | D:2      | Noticed Ijyb
  2887 | D:2      | Killed Ijyb
  2887 | D:2      | Reached skill level 4 in Spellcasting
  2967 | D:2      | Reached XP level 4. HP: 19/24 MP: 10/12
  3711 | D:3      | Found a sparkling altar of Nemelex Xobeh.
  3900 | D:3      | Reached skill level 5 in Spellcasting
  4056 | D:3      | Reached XP level 5. HP: 25/28 MP: 10/14
  4062 | D:3      | Learned a level 4 spell: Control Undead
  4232 | D:3      | Reached skill level 1 in Charms
  4459 | D:3      | Found a deep blue altar of Sif Muna.
  5331 | D:4      | Found an iron altar of Okawaru.
  5865 | D:4      | Noticed Blork the orc
  5880 | D:4      | Killed Blork the orc
  5880 | D:4      | Reached XP level 6. HP: 23/32 MP: 3/16
  6410 | D:4      | Reached skill level 6 in Spellcasting
  6516 | D:5      | Entered Level 5 of the Dungeon
  6587 | D:5      | Found a stormy altar of Qazlal.
  6611 | D:5      | Noticed an ice beast
  6673 | D:5      | Killed an ice beast
  6727 | D:5      | Reached XP level 7. HP: 36/36 MP: 15/19
  6754 | D:5      | Learned a level 1 spell: Confusing Touch
  6769 | D:5      | Reached skill level 7 in Spellcasting
  6802 | D:5      | Learned a level 4 spell: Animate Dead
  6936 | D:5      | Gained mutation: You are somewhat resistant to further mutation. [potion of beneficial mutation]
  6976 | D:5      | Reached skill level 1 in Hexes
  7184 | D:6      | Found Yhuzeih's Jewellery Emporium.
  7319 | D:6      | Found a glowing silver altar of Zin.
  7396 | D:6      | Found Qoedd's Armour Emporium.
  7577 | D:6      | Gained mutation: You occasionally shout uncontrollably at your foes. [mutagenic meat]
  7578 | D:6      | Gained mutation: You have a pair of small antennae on your head. [mutagenic meat]
  7581 | D:6      | Gained mutation: You can translocate small distances at will. [mutagenic meat]
  7814 | D:6      | Found a basalt altar of Yredelemnul.
  8059 | D:6      | Reached skill level 8 in Spellcasting
  8162 | D:6      | Found a white marble altar of Elyvilon.
  8520 | D:6      | Reached XP level 8. HP: 41/41 MP: 17/22
  8647 | D:7      | Found a snail-covered altar of Cheibriados.
  8651 | D:7      | Found a shimmering altar of Xom.
  8652 | D:7      | Found a stormy altar of Qazlal.
  8763 | D:7      | Found a flagged portal.
  8822 | Bailey   | Entered a bailey
  8827 | Bailey   | Noticed an orc warlord
  9165 | Bailey   | Found a runed gate.
  9167 | Bailey   | Found a runed gate.
  9168 | Bailey   | Found a runed gate.
  9175 | Bailey   | Noticed an orc knight
  9791 | Bailey   | Killed an orc knight
  9791 | Bailey   | Reached skill level 9 in Spellcasting
  9850 | Bailey   | Killed an orc warlord
  9850 | Bailey   | Reached skill level 5 in Dodging
  9850 | Bailey   | Reached skill level 11 in Spellcasting
  9850 | Bailey   | Reached skill level 10 in Necromancy
  9850 | Bailey   | Reached XP level 9. HP: 45/45 MP: 23/26
 10264 | D:7      | Found a sparkling altar of Nemelex Xobeh.
 10809 | D:7      | Found a staircase to the Ecumenical Temple.
 10827 | Temple   | Entered the Ecumenical Temple
 10832 | Temple   | Became a worshipper of Vehumet
 10934 | D:8      | Noticed Prince Ribbit
 10957 | D:8      | Reached skill level 5 in Hexes
 10959 | D:8      | Killed Prince Ribbit
 10979 | D:8      | Reached XP level 10. HP: 35/50 MP: 12/27
 11123 | D:8      | Reached skill level 12 in Spellcasting
 11168 | D:8      | Reached * piety under Vehumet
 11168 | D:8      | Offered knowledge of Sandblast by Vehumet.
 11175 | D:8      | HP: 2/65 [killer bee (8)]
 11204 | D:7      | Learned a level 1 spell: Sandblast
 11860 | D:9      | Noticed Maurice
 11948 | D:9      | Learned a level 2 spell: Shroud of Golubria
 11952 | D:9      | Learned a level 3 spell: Spectral Weapon
 12031 | D:9      | Found a shattered altar of Ashenzari.
 12517 | D:9      | Killed Maurice
 13047 | D:9      | Reached skill level 13 in Spellcasting
 13123 | D:9      | Found a staircase to the Lair.
 13212 | Lair:1   | Entered Level 1 of the Lair of Beasts
 13365 | Lair:1   | Noticed a spiny frog
 13473 | D:9      | Killed a spiny frog
 13473 | D:9      | Reached skill level 5 in Charms
 13621 | Lair:1   | Noticed a spiny frog
 13642 | Lair:1   | Killed a spiny frog
 13926 | Lair:1   | Offered knowledge of Sting by Vehumet.
 13929 | Lair:1   | Learned a level 1 spell: Sting
 14102 | Lair:1   | Found a shadowy altar of Dithmenos.
 14171 | Lair:1   | Reached ** piety under Vehumet
 14303 | Lair:1   | Reached XP level 11. HP: 54/54 MP: 15/30
 14905 | Lair:1   | Reached skill level 14 in Spellcasting
 15816 | Lair:2   | Offered knowledge of Static Discharge by Vehumet.
 15827 | Lair:2   | Reached skill level 1 in Translocations
 15832 | Lair:2   | Learned a level 3 spell: Static Discharge
 16138 | Lair:2   | Reached *** piety under Vehumet
 16409 | D:6      | Bought the +2 pair of gloves of Ommiohoast {rElec rC+++ rN+ Str-4} for 652 gold pieces
 16659 | Lair:2   | Reached skill level 15 in Spellcasting
 16693 | Lair:3   | Found a labyrinth entrance.
 16701 | Lair:3   | Noticed a catoblepas
 16770 | Lair:1   | HP: 3/69 [spiny frog (17)]
 16773 | Lair:1   | Mangled by a spiny frog

Skill      XL: |  1  2  3  4  5  6  7  8  9 10 11 |
---------------+----------------------------------+-----
Necromancy     | 5 6 7 8 10 11 12 | 12.7
Spellcasting   | 4 5 6 8 11 13 15 | 15.0
Dodging        | 3 4 5 6 7 |  7.7
Charms         | 2 3 4 5 6 |  6.7
Hexes          | 2 4 5 6 |  6.5
Stealth        | 3 4 |  4.2
Translocations | 1 |  1.3
Bows           | |  0.2

Action                   |  1- 3 |  4- 6 |  7- 9 | 10-12 || total
-------------------------+-------+-------+-------+-------++-------
Melee: Unarmed           |    85 |   309 |    64 |    61 ||   519
       Short sword       |       |       |   187 |    25 ||   212
       Spear             |       |       |     4 |     3 ||     7
       Staff             |       |       |     1 |    18 ||    19
       Whip              |       |       |       |   107 ||   107
       Hand axe          |       |       |       |     3 ||     3
 Fire: Blowgun           |       |       |    14 |    23 ||    37
       Shortbow          |       |       |       |    11 ||    11
Throw: Stone             |       |    93 |   121 |     5 ||   219
       Javelin           |       |     3 |    12 |     6 ||    21
       Tomahawk          |       |       |    11 |    43 ||    54
 Cast: Pain              |    37 |    45 |   153 |   168 ||   403
       Animate Skeleton  |    18 |    16 |    16 |    25 ||    75
       Regeneration      |     4 |    15 |     1 |       ||    20
       Vampiric Draining |     2 |    13 |    20 |    35 ||    70
       Control Undead    |       |       |     3 |     4 ||     7
       Animate Dead      |       |       |    12 |    18 ||    30
       Confusing Touch   |       |       |     7 |    31 ||    38
       Shroud of Golubri |       |       |       |    60 ||    60
       Spectral Weapon   |       |       |       |    22 ||    22
 Abil: Blink             |       |       |    25 |    12 ||    37
Evoke: Wand              |       |       |       |     1 ||     1
  Use: Potion            |     5 |     4 |     2 |     1 ||    12
       Scroll            |       |       |    10 |     2 ||    12
 Stab: Sleeping          |     4 |     5 |     1 |     2 ||    12
       Confused          |       |       |     6 |    12 ||    18
  Eat: Chunk             |     5 |    13 |    21 |    16 ||    55
       Beef jerky        |     1 |       |       |     1 ||     2
       Fruit             |       |     1 |       |       ||     1
       Pizza             |       |       |     1 |       ||     1
       Royal jelly       |       |       |       |     1 ||     1
Armor: Robe              |    17 |    48 |    49 |    61 ||   175
Dodge: Dodged            |    68 |   245 |   326 |   314 ||   953
